SL
PHOENIX HOTSPUR @ HOUSTON 1837 BBC
04/20/2024
 
TOP OF THE 1ST
Phoenix Hotspur batting - Pitching for Houston 1837 BBC : RHP Marvin Martin
Pitching: RHP Marvin Martin
Batting: LHB Arthur Ryan 0-0: Ball
1-0: DOUBLE (Flyball, 8RD)
Batting: SHB Pedro Gómez 0-0: Called Strike
Arthur Ryan steals 3rd base
0-1: Fly out, F8 (Flyball, 8RM)
Runner from 3rd tags up, SCORES, no throw
Batting: LHB Dave Knight 0-0: Ball
1-0: Ball
2-0: Foul Ball, location: 2F
2-1: Called Strike
2-2: Strikes out swinging
Batting: RHB Martín Martínez 0-0: Ball
1-0: Ball
2-0: Foul Ball, location: 2F
2-1: SOLO HOME RUN (Flyball, 78XD), Distance : 415 ft
Batting: RHB Randy Rehling 0-0: Called Strike
0-1: Ball
1-1: Ball
2-1: Ground out 6-3 (Groundball, 6M)
Top of the 1st over - 2 run(s), 2 hit(s), 0 error(s), 0 left on base; Phoenix 2 - Houston 0
BOTTOM OF THE 1ST
Houston 1837 BBC batting - Pitching for Phoenix Hotspur : RHP Jeff Dixon
Pitching: RHP Jeff Dixon
Batting: LHB Eugene Lawrence 0-0: Ball
1-0: Called Strike
1-1: Fly out, F4 (Popup, 34D)
Batting: LHB Mike Hanson 0-0: Called Strike
0-1: Swinging Strike
0-2: Ball
1-2: Ball
2-2: Ball
3-2: Foul Ball, location: 2F
3-2: Fly out, F7 (Line Drive, 7M)
Batting: LHB José Marín 0-0: Ball
1-0: Swinging Strike
1-1: Ball
2-1: Foul Ball, location: 2F
2-2: Strikes out swinging
Bottom of the 1st over - 0 run(s), 0 hit(s), 0 error(s), 0 left on base; Phoenix 2 - Houston 0
TOP OF THE 2ND
Phoenix Hotspur batting - Pitching for Houston 1837 BBC : RHP Marvin Martin
Batting: LHB Rubén López 0-0: Called Strike
0-1: Swinging Strike
0-2: Ball
1-2: Ground out 4-3 (Groundball, 4M)
Batting: RHB Gabriel Pérez 0-0: Ball
1-0: Ball
2-0: Ball
3-0: Base on Balls
Batting: RHB Raúl Robles 0-0: Ball
1-0: Ball
2-0: Ball
3-0: Called Strike
3-1: Foul Ball, location: 2F
3-2: Foul Ball, location: 2F
3-2: Base on Balls
Gabriel Pérez to second
Batting: RHB António Padilla 0-0: Foul Ball, location: 2F
0-1: Grounds into double play, U5-3 (Groundball, 5L)
Top of the 2nd over - 0 run(s), 0 hit(s), 0 error(s), 1 left on base; Phoenix 2 - Houston 0
BOTTOM OF THE 2ND
Houston 1837 BBC batting - Pitching for Phoenix Hotspur : RHP Jeff Dixon
Batting: RHB Tracy Parker 0-0: Foul Ball, location: 2F
0-1: Ball
1-1: Swinging Strike
1-2: Ball
2-2: Fly out, F7 (Flyball, 7M)
Batting: LHB Alberto Torres 0-0: Ball
1-0: Ball
2-0: Foul Ball, location: 2F
2-1: Called Strike
2-2: Ground out U3 (Groundball, 3L)
Batting: RHB Bob Campbell 0-0: Ball
1-0: Ground out 6-3 (Groundball, 6D)
Bottom of the 2nd over - 0 run(s), 0 hit(s), 0 error(s), 0 left on base; Phoenix 2 - Houston 0
TOP OF THE 3RD
Phoenix Hotspur batting - Pitching for Houston 1837 BBC : RHP Marvin Martin
Batting: LHB Arthur Ryan 0-0: Ball
1-0: Ball
2-0: Called Strike
2-1: Ball
3-1: Swinging Strike
3-2: Base on Balls
Batting: SHB Pedro Gómez 0-0: Ball
Arthur Ryan steals 2nd base
1-0: Ball
Arthur Ryan steals 3rd base
2-0: Called Strike
2-1: Ball
3-1: Foul Ball, location: 2F
3-2: Strikes out swinging
Batting: LHB Dave Knight 0-0: 2-RUN HOME RUN (Flyball, 9LD), Distance : 343 ft
Batting: RHB Martín Martínez 0-0: SINGLE (Line Drive, 6M)
Batting: RHB Randy Rehling 0-0: Called Strike
0-1: Fly out, F2 (Popup, 25F)
Batting: LHB Rubén López 0-0: Ball
1-0: Swinging Strike
1-1: Ball
2-1: Ground out U3 (Groundball, 3)
Top of the 3rd over - 2 run(s), 2 hit(s), 0 error(s), 1 left on base; Phoenix 4 - Houston 0
BOTTOM OF THE 3RD
Houston 1837 BBC batting - Pitching for Phoenix Hotspur : RHP Jeff Dixon
Batting: RHB Marlon Cummins 0-0: Ball
1-0: Fly out, F8 (Flyball, 8LM)
Batting: LHB Mark McClear 0-0: Ball
1-0: Called Strike
1-1: Foul Ball, location: 2F
1-2: Ball
2-2: Ball
3-2: Fly out, F2 (Popup, 2LF)
Batting: SHB Jason Alexander 0-0: Called Strike
0-1: Swinging Strike
0-2: Foul Ball, location: 2F
0-2: Ball
1-2: Ball
2-2: Foul Ball, location: 2F
2-2: SOLO HOME RUN (Flyball, 9D), Distance : 386 ft
Batting: LHB Eugene Lawrence 0-0: Ball
1-0: Ground out 6-3 (Groundball, 6M)
Bottom of the 3rd over - 1 run(s), 1 hit(s), 0 error(s), 0 left on base; Phoenix 4 - Houston 1
TOP OF THE 4TH
Phoenix Hotspur batting - Pitching for Houston 1837 BBC : RHP Marvin Martin
Batting: RHB Gabriel Pérez 0-0: Ball
1-0: Called Strike
1-1: Foul Ball, location: 2F
1-2: Fly out, F7 (Flyball, 78XD)
Batting: RHB Raúl Robles 0-0: Ball
1-0: Swinging Strike
1-1: Called Strike
1-2: Ball
2-2: Foul Ball, location: 2F
2-2: Strikes out swinging passed ball, reaches first!
Batting: RHB António Padilla 0-0: Ball
1-0: Called Strike
1-1: Swinging Strike
1-2: Strikes out swinging
Batting: LHB Arthur Ryan 0-0: Called Strike
0-1: Ball
1-1: Ball
2-1: Ball
3-1: Called Strike
3-2: Strikes out swinging
Top of the 4th over - 0 run(s), 0 hit(s), 0 error(s), 1 left on base; Phoenix 4 - Houston 1
BOTTOM OF THE 4TH
Houston 1837 BBC batting - Pitching for Phoenix Hotspur : RHP Jeff Dixon
Batting: LHB Mike Hanson 0-0: Ball
1-0: Called Strike
1-1: Ground out 3-1 (Groundball, 34)
Batting: LHB José Marín 0-0: Ground out 6-3 (Groundball, 6)
Batting: RHB Tracy Parker 0-0: Fly out, F4 (Popup, 9LS)
Bottom of the 4th over - 0 run(s), 0 hit(s), 0 error(s), 0 left on base; Phoenix 4 - Houston 1
TOP OF THE 5TH
Phoenix Hotspur batting - Pitching for Houston 1837 BBC : RHP Marvin Martin
Pitching: RHP Jason Hubbell
Batting: SHB Pedro Gómez 0-0: Foul Ball, location: 2F
0-1: Ground out 5-3 (Groundball, 56S)
Batting: LHB Dave Knight 0-0: Foul Ball, location: 2F
0-1: Ball
1-1: Ground out 4-3 (Groundball, 34)
Batting: RHB Martín Martínez 0-0: Foul Ball, location: 2F
0-1: Swinging Strike
0-2: Foul Ball, location: 2F
0-2: Foul Ball, location: 2F
0-2: Foul Ball, location: 2F
0-2: Ball
1-2: Foul Ball, location: 2F
1-2: Ground out 5-3 (Groundball, 56S)
Top of the 5th over - 0 run(s), 0 hit(s), 0 error(s), 0 left on base; Phoenix 4 - Houston 1
BOTTOM OF THE 5TH
Houston 1837 BBC batting - Pitching for Phoenix Hotspur : RHP Jeff Dixon
Pitching: RHP Jaime van de Weideven
Batting: LHB Alberto Torres 0-0: Called Strike
0-1: Called Strike
0-2: Ball
1-2: Strikes out swinging
Batting: RHB Bob Campbell 0-0: Foul Ball, location: 2F
0-1: Swinging Strike
0-2: Strikes out swinging
Batting: RHB Marlon Cummins 0-0: Foul Ball, location: 2F
0-1: Ground out 6-3 (Groundball, 6M)
Bottom of the 5th over - 0 run(s), 0 hit(s), 0 error(s), 0 left on base; Phoenix 4 - Houston 1
TOP OF THE 6TH
Phoenix Hotspur batting - Pitching for Houston 1837 BBC : RHP Jason Hubbell
Batting: RHB Randy Rehling 0-0: Ball
1-0: Ball
2-0: Called Strike
2-1: Ball
3-1: SINGLE (Groundball, 4D)
Batting: LHB Rubén López 0-0: Called Strike
0-1: Ball
1-1: Ball
2-1: Foul Ball, location: 2F
2-2: Fly out, F7 (Line Drive, 7M)
Pitching: RHP Tyler Rodríguez
Batting: RHB Gabriel Pérez 0-0: Ball
1-0: Swinging Strike
1-1: Fielders Choice at 2nd, 6-4 (Groundball, 6)
Batting: RHB Raúl Robles 0-0: Called Strike
Gabriel Pérez is caught stealing 2nd base
Top of the 6th over - 0 run(s), 1 hit(s), 0 error(s), 0 left on base; Phoenix 4 - Houston 1
BOTTOM OF THE 6TH
Houston 1837 BBC batting - Pitching for Phoenix Hotspur : RHP Jaime van de Weideven
Batting: LHB Mark McClear 0-0: Ball
1-0: Ball
2-0: Foul Ball, location: 2F
2-1: Foul Ball, location: 2F
2-2: Foul Ball, location: 2F
2-2: Ball
3-2: Strikes out swinging
Batting: SHB Jason Alexander 0-0: Ball
1-0: Called Strike
1-1: Foul Ball, location: 2F
1-2: Strikes out looking
Batting: LHB Eugene Lawrence 0-0: Ball
1-0: Foul Ball, location: 2F
1-1: Ball
2-1: Ball
3-1: Base on Balls
Batting: LHB Mike Hanson 0-0: Ball
1-0: Called Strike
1-1: Called Strike
1-2: Foul Ball, location: 2F
1-2: Strikes out swinging
Bottom of the 6th over - 0 run(s), 0 hit(s), 0 error(s), 1 left on base; Phoenix 4 - Houston 1
TOP OF THE 7TH
Phoenix Hotspur batting - Pitching for Houston 1837 BBC : RHP Tyler Rodríguez
Batting: RHB Raúl Robles 0-0: SINGLE (Line Drive, 7S)
Batting: RHB António Padilla 0-0: Ball
1-0: Fly out, F7 (Flyball, 78D)
Pinch Hitting: RHB John Moore 0-0: Called Strike
0-1: Swinging Strike
0-2: Ball
1-2: Ball
2-2: Ball
3-2: Strikes out swinging
Pinch Hitting: SHB Roberto López 0-0: Ball
1-0: Ball
2-0: Called Strike
2-1: Ball
3-1: Base on Balls
Raúl Robles to second
Pinch Hitting: LHB Albert González 0-0: Called Strike
0-1: Ball
1-1: Ground out 4-3 (Groundball, 4)
Top of the 7th over - 0 run(s), 1 hit(s), 0 error(s), 2 left on base; Phoenix 4 - Houston 1
BOTTOM OF THE 7TH
Houston 1837 BBC batting - Pitching for Phoenix Hotspur : RHP Jaime van de Weideven
Now at 2B: John Moore
Now in LF: Roberto López
Now in RF: Albert González
Batting: LHB José Marín 0-0: Ball
1-0: Called Strike
1-1: Foul Ball, location: 2F
1-2: Ball
2-2: Ball
3-2: Fly out, F7 (Popup, 8LS)
Batting: RHB Tracy Parker 0-0: Ball
1-0: Called Strike
1-1: Foul Ball, location: 2F
1-2: Foul Ball, location: 2F
1-2: Foul Ball, location: 2F
1-2: SOLO HOME RUN (Flyball, 7D), Distance : 382 ft
Batting: LHB Alberto Torres 0-0: Called Strike
0-1: Ball
1-1: SINGLE (Flyball, 7LS)
Batting: RHB Bob Campbell 0-0: Foul Ball, location: 2F
0-1: Ball
1-1: Foul Ball, location: 2F
1-2: Strikes out swinging
Batting: RHB Marlon Cummins 0-0: Swinging Strike
0-1: Called Strike
0-2: Strikes out looking
Bottom of the 7th over - 1 run(s), 2 hit(s), 0 error(s), 1 left on base; Phoenix 4 - Houston 2
TOP OF THE 8TH
Phoenix Hotspur batting - Pitching for Houston 1837 BBC : RHP Tyler Rodríguez
Pitching: LHP Jeff Burrell
Batting: RHB Martín Martínez 0-0: Ground out 6-3 (Groundball, 6)
Batting: RHB Randy Rehling 0-0: Swinging Strike
0-1: Foul Ball, location: 2F
0-2: Strikes out swinging
Batting: LHB Rubén López 0-0: Ball
1-0: Called Strike
1-1: Ball
2-1: Foul Ball, location: 2F
2-2: Foul Ball, location: 2F
2-2: Strikes out swinging
Top of the 8th over - 0 run(s), 0 hit(s), 0 error(s), 0 left on base; Phoenix 4 - Houston 2
BOTTOM OF THE 8TH
Houston 1837 BBC batting - Pitching for Phoenix Hotspur : RHP Jaime van de Weideven
Pitching: RHP Cory Sanders
Batting: LHB Mark McClear 0-0: Called Strike
0-1: Ball
1-1: Foul Ball, location: 2F
1-2: SINGLE (Groundball, 34D)
Batting: SHB Jason Alexander 0-0: Fielders Choice at 2nd, 4-6 (Groundball, 34)
Pinch Hitting: LHB Chris Gregory 0-0: Called Strike
0-1: Reached on error, E1 (Groundball, 15)
Jason Alexander to second
Pinch Hitting: RHB Bob Dickerson 0-0: Called Strike
0-1: Foul Ball, location: 2F
0-2: Ball
1-2: Foul Ball, location: 2F
1-2: Strikes out looking
Pinch Hitting: LHB Jack Robbins 0-0: Ball
1-0: Foul Ball, location: 2F
1-1: Called Strike
1-2: Strikes out swinging
Bottom of the 8th over - 0 run(s), 1 hit(s), 1 error(s), 2 left on base; Phoenix 4 - Houston 2
TOP OF THE 9TH
Phoenix Hotspur batting - Pitching for Houston 1837 BBC : LHP Jeff Burrell
Now at SS: Bob Dickerson
Now in CF: Chris Gregory
Now in RF: Jack Robbins
Batting: RHB Gabriel Pérez 0-0: Ball
1-0: Foul Ball, location: 2F
1-1: SINGLE (Flyball, 56D)
Batting: RHB Alfredo Martínez 0-0: Ball
1-0: Ball
2-0: Called Strike
2-1: Ball
3-1: DOUBLE (Line Drive, 7D)
Gabriel Pérez to third
Runner from 3rd tries for Home, SAFE, no throw or cutoff
Batting: RHB António Padilla 0-0: Fly out, F7 (Flyball, 78M)
Batting: RHB John Moore 0-0: Intentional Walk
Pitching: RHP Francisco García
Batting: SHB Roberto López 0-0: Foul Ball, location: 2F
0-1: Swinging Strike
0-2: Ball
1-2: Foul Ball, location: 2F
1-2: Foul Ball, location: 2F
1-2: Ball
2-2: Foul Ball, location: 2F
2-2: Foul Ball, location: 2F
2-2: Ball
3-2: Foul Ball, location: 2F
3-2: Fly out, F4 (Popup, 4D)
Batting: LHB Albert González 0-0: Ground out 4-3 (Groundball, 4)
Top of the 9th over - 1 run(s), 2 hit(s), 0 error(s), 2 left on base; Phoenix 5 - Houston 2
BOTTOM OF THE 9TH
Houston 1837 BBC batting - Pitching for Phoenix Hotspur : RHP Cory Sanders
Pitching: RHP Pat McCormick
Pinch Hitting: RHB Kumanosuke Abe 0-0: Ball
1-0: Ball
2-0: Ball
3-0: Base on Balls
Pinch Hitting: RHB Bob Sargent 0-0: Ball
1-0: Grounds into double play, 1-4-3 (Groundball, 13)
Batting: LHB Brad Lawrence 0-0: Fly out, F9 (Flyball, 9D)
Bottom of the 9th over - 0 run(s), 0 hit(s), 0 error(s), 0 left on base; Phoenix 5 - Houston 2
This league is powered by Out of the Park Baseball, the baseball management simulation game for PC, Mac and Linux
Monday, October 3rd, 2016 - OOTP Baseball 16.9 Build 39